 Dungeon Crawl Stone Soup version 0.18.1-8-gdd0e5ea (webtiles) character file.

1173 georgeearnest the Ducker (level 8, 0/93 HPs)
             Began as a Green Draconian Air Elementalist on May 21, 2016.
             Was a Follower of Nemelex Xobeh.
             Succumbed to a gnoll's poison
             ... on level 5 of the Dungeon.
             The game lasted 00:23:35 (7368 turns).

georgeearnest the Ducker (DrAE)                     Turns: 7368, Time: 00:23:36

Health: 0/93       AC: 24    Str: 16    XL:     8   Next: 18%
Magic:  5/13       EV:  2    Int: 17    God:    Nemelex Xobeh [*.....]
Gold:   181        SH:  0    Dex: 12    Spells: 2 memorised, 10 levels left

rFire  . . .     SeeInvis .     r - +2 short sword (elec)
rCold  . . .     Gourm    .     (armour unavailable)
rNeg   + + +     Faith    .     (no shield)
rPois  +         Spirit   .     (helmet currently unavailable)
rElec  .         Dismiss  .     (cloak currently unavailable)
rCorr  .         Reflect  .     (gloves currently unavailable)
SustAt .         Harm     .     (boots currently unavailable)
MR     .....     NoTele   +     (no amulet)
Stlth  +++.......               t - ring of flight
                                n - +5 ring of strength

@: lethally poisoned (0 -> -11), tree-form, not resistant to hostile
enchantments, fairly stealthy
A: (breathe noxious fumes), unfitting armour, (poison resistance),
(cold-blooded), AC +6
a: Renounce Religion


You were on level 5 of the Dungeon.
You worshipped Nemelex Xobeh.
Nemelex Xobeh was aware of your devotion.
You were full.
You were a tree.
You visited 1 branch of the dungeon, and saw 5 of its levels.
You also visited: Sewer.

You collected 181 gold pieces.

Inventory:

Hand Weapons
 c - a +1 short sword of venom
 r - a +2 short sword of electrocution (weapon)
Jewellery
 n - a +5 ring of strength (left branch)
 t - a ring of flight (right branch)
Wands
 k - a wand of lightning (2/15)
Scrolls
 b - a scroll of holy word
 d - 2 scrolls of enchant weapon {unknown}
 f - a scroll of remove curse
 h - 2 scrolls of fear {unknown}
 j - 2 scrolls of blinking
 o - 2 scrolls of amnesia {unknown}
 q - a scroll of identify
 u - a scroll of magic mapping {unknown}
Books
 a - a book of Air

   Spells                             Type                      Level
   a - Shock                          Conjuration/Air              1
   b - Swiftness                      Charms/Air                   2
   c - Repel Missiles                 Charms/Air                   2
   d - Static Discharge               Conjuration/Air              3
   e - Lightning Bolt                 Conjuration/Air              5
Miscellaneous
 m - an ornate deck of destruction {drawn: 1}
Comestibles
 i - 3 fruits
 p - a beef jerky


   Skills:
 + Level 2.8 Fighting
 + Level 2.2 Short Blades
 * Level 6.9 Dodging
 + Level 2.7 Stealth
 * Level 3.9 Spellcasting
 + Level 2.0 Conjurations
 + Level 3.5 Air Magic
 + Level 0.4 Evocations


You had 10 spell levels left.
You knew the following spells:

 Your Spells              Type           Power        Failure   Level  Hunger
a - Shock                 Conj/Air       ##..         6%          1    None
b - Static Discharge      Conj/Air       ##......     17%         3    ###....


Dungeon Overview and Level Annotations

Branches:
Dungeon (5/15)
 Temple: D:4-7

Altars:
Gozag
Kikubaaqudgha
Makhleb
Nemelex Xobeh
Trog


Innate Abilities, Weirdness & Mutations

((You can breathe blasts of noxious fumes.))
((Your lurid green scales are hard (AC +6).))
Your body does not fit into most forms of armour.
((Your system is resistant to poisons.))
((You are cold-blooded and may be slowed by cold attacks.))


Message History

Unknown command.
You cannot move.
Read which item? (? for menu, Esc to quit)
As you read the scroll labeled XAUKYE HULIROL, it crumbles to dust.
You hear a loud clanging noise!
It was a scroll of noise.
* * * LOW HITPOINT WARNING * * *
You feel sick.
Read which item? (? for menu, Esc to quit)
Okay, then.
Okay, then.
Casting: Static Discharge
Confirm with . or Enter, or press ? or * to list all spells.
Okay, then.
Read which item? (? for menu, Esc to quit)
As you read the scroll labeled GUNLIZXUNU, it crumbles to dust.
You experience a momentary feeling of inescapable doom!
It was a scroll of random uselessness.
You die...
Your body disappears without a glow.

..#.........# #.....####.##
..#.........# #.....'......
..#......g..# #.....####.#.
..#.........# #.....+..#.#.
..#.........# #.....##.#...
###.........# ####..##.####
..#.........# #..#......
#.#.......%.############..#..####
#.########..%..)♣................
....# #.#######..........#.##.
....# ##'##### #.##########.##.
....# #......# #.# #.##. ....#
#......# #.# #.##. ....# #......#
#.# #.##. ..### #......###'#####
#.... ..# #......##......#
####### #.# #......##......#
#......


There were no monsters in sight!

Vanquished Creatures
  A sky beast (D:5)
  An ice beast (D:5)
  2 giant frogs (Sewer)
  A scorpion (D:4)
  2 crimson imps
  A jelly (D:5)
  2 hounds
  A centaur skeleton (D:4)
  A gnoll shaman (D:5)
  2 giant frog skeletons (D:5)
  6 worker ants
  A hound skeleton (D:4)
  Robin (D:3)
  7 gnolls (D:5)
  6 adders
  A river rat (D:4)
  14 oozes
  An adder skeleton (D:5)
  6 worms
  A dart slug (D:2)
  12 giant geckos
  9 orcs
  4 bats
  12 giant cockroaches
  18 goblins
  10 hobgoblins
  A jackal (D:2)
  8 kobolds
  2 quokkas
  13 ball pythons
  21 giant newts
  13 rats
181 creatures vanquished.

Notes
Turn   | Place    | Note
--------------------------------------------------------------
     0 | D:1      | georgeearnest the Draconian Air Elementalist began the quest for the Orb.
     0 | D:1      | Reached XP level 1. HP: 14/14 MP: 3/3
   394 | D:1      | Reached skill level 2 in Dodging
   464 | D:1      | Reached XP level 2. HP: 19/20 MP: 3/5
  1265 | D:2      | Reached XP level 3. HP: 14/26 MP: 4/6
  1516 | D:2      | Found an ancient bone altar of Kikubaaqudgha.
  1811 | D:2      | Found a bloodstained altar of Trog.
  2668 | D:2      | Reached XP level 4. HP: 34/34 MP: 7/7
  2920 | D:3      | Reached skill level 3 in Dodging
  3260 | D:3      | Found a sparkling altar of Nemelex Xobeh.
  3270 | D:3      | Became a worshipper of Nemelex Xobeh the Trickster
  3276 | D:3      | Learned a level 3 spell: Static Discharge
  3414 | D:3      | Received a gift from Nemelex Xobeh
  3515 | D:3      | Noticed Robin
  3693 | D:3      | Reached skill level 1 in Fighting
  3705 | D:3      | Killed Robin
  3705 | D:3      | Reached XP level 5. HP: 39/40 MP: 1/9
  4270 | D:4      | Reached skill level 1 in Short Blades
  4508 | D:4      | Found a glowing drain.
  4539 | Sewer    | Entered a sewer
  4840 | Sewer    | Reached XP level 6. HP: 46/48 MP: 10/10
  5029 | Sewer    | Reached skill level 4 in Dodging
  5383 | Sewer    | Reached * piety under Nemelex Xobeh
  5670 | Sewer    | Reached skill level 5 in Dodging
  6000 | D:4      | Your scales start taking on a lurid green colour.
  6000 | D:4      | Reached XP level 7. HP: 54/55 MP: 5/11
  6000 | D:4      | Gained mutation: Your system is resistant to poisons. [Green Draconian growth]
  6299 | D:4      | Found a burning altar of Makhleb.
  6373 | D:5      | Entered Level 5 of the Dungeon
  6480 | D:5      | Reached skill level 6 in Dodging
  6927 | D:5      | Reached XP level 8. HP: 37/62 MP: 13/13
  7126 | D:5      | Found an opulent altar of Gozag.
  7365 | D:5      | HP: 3/93 [poisoned by a gnoll]
  7367 | D:5      | HP: 1/93 [poisoned by a gnoll]
  7368 | D:5      | Succumbed to a gnoll's poison

Skill      XL: |  1  2  3  4  5  6  7  8 |
---------------+-------------------------+-----
Dodging        | 2 3 5 6 |  6.9
Stealth        | 2 |  2.7
Fighting       | 1 2 |  2.8
Short Blades   | 1 2 |  2.2
Spellcasting   | 3 |  3.9
Conjurations   | 2 |  2.0
Air Magic      | |  3.5
Evocations     | |  0.4

Action                   |  1- 3 |  4- 6 |  7- 9 || total
-------------------------+-------+-------+-------++-------
Melee: Short sword       |    85 |   362 |   134 ||   581
       Unarmed           |     5 |       |       ||     5
       Tailslap          |     8 |    23 |    16 ||    47
 Cast: Shock             |    37 |    41 |    15 ||    93
       Static Discharge  |       |     1 |     2 ||     3
Evoke: Wand              |       |     1 |     2 ||     3
       Deck              |       |       |     1 ||     1
  Use: Potion            |     1 |     4 |     2 ||     7
       Scroll            |       |     5 |     3 ||     8
 Stab: Sleeping          |     1 |     2 |       ||     3
  Eat: Meat ration       |     1 |     1 |     2 ||     4
       Bread ration      |     1 |     1 |       ||     2
Armor: Skin              |    51 |   172 |    36 ||   259
Dodge: Dodged            |    62 |   468 |   117 ||   647
